 Dungeon Crawl Stone Soup version 0.20-a0-3-g334f831 (webtiles) character file.

130 JeffiDaFish the Shield-Bearer (level 5, -3/33 HPs)
             Began as a Gargoyle Fighter on Oct 31, 2016.
             Killed from afar by an orc wizard (6 damage)
             ... with a magic dart
             ... on level 3 of the Dungeon.
             The game lasted 00:11:32 (2532 turns).

JeffiDaFish the Shield-Bearer (Gargoyle Fighter)    Turns: 2532, Time: 00:11:33

Health: -3/33      AC: 11    Str: 25    XL:     5   Next: 14%
Magic:  5/5        EV:  8    Int: 13    God:
Gold:   99         SH:  0    Dex:  9    Spells: 1 memorised, 2 levels left

rFire  . . .     SeeInvis .     a - +0 flail
rCold  . . .     Gourm    .     b - +0 scale mail
rNeg   + . .     Faith    .     c - +1 shield
rPois  ∞         Spirit   .     (no helmet)
rElec  +         Reflect  .     (no cloak)
rCorr  .         Harm     .     (no gloves)
MR     .....                    (no boots)
Stlth  ..........               l - amulet of rage
                                (no ring)
                                m - +4 ring of intelligence

@: confused, mighty, very slightly contaminated, hasted, very quick
A: negative energy resistance 1, electricity resistance, unbreathing,
petrification resistance, rot immunity, AC +4
a: Evoke Berserk Rage


You were on level 3 of the Dungeon.
You were not hungry.

You visited 1 branch of the dungeon, and saw 3 of its levels.

You collected 99 gold pieces.

Inventory:

Hand Weapons
 a - a +0 flail (weapon)
Armour
 b - a +0 scale mail (worn)
 c - a +1 shield (worn)
Jewellery
 l - an amulet of rage (around neck)
 m - a +4 ring of intelligence (left hand)
Scrolls
 e - a scroll of blinking
 h - a scroll of recharging
 j - 2 scrolls of identify
 p - a scroll of remove curse
Books
 n - a book of Changes

   Spells                             Type                      Level
   a - Beastly Appendage              Transmutation                1
   b - Sticks to Snakes               Transmutation                2
   c - Spider Form                    Transmutation/Poison         3
   d - Ice Form                       Ice/Transmutation            4
   e - Blade Hands                    Transmutation                5
Comestibles
 f - 3 bread rations
 g - 5 chunks of flesh
 i - a beef jerky
 k - 2 meat rations


   Skills:
 + Level 3.7 Fighting
 + Level 3.2 Maces & Flails
 + Level 4.0 Armour
 - Level 0.7 Dodging
 - Level 0.5 Stealth
 + Level 4.1 Shields
 + Level 0.1 Spellcasting
 + Level 0.1 Transmutations


You had 2 spell levels left.
You knew the following spells:

 Your Spells              Type           Power        Failure   Level  Hunger
a - Sticks to Snakes      Tmut           #.......     100%        2    ###....


Dungeon Overview and Level Annotations

Branches:
Dungeon (3/15)

Altars:
Fedhas


Innate Abilities, Weirdness & Mutations

You are resistant to torment.
Your stone body is resilient. (AC +4)
You are immune to poison.
You resist negative energy. (rN+)
You are resistant to electric shocks. (rElec)
You can survive without breathing.
You are immune to petrification.
You are immune to rotting.


Message History

The orc shouts!
You hear some strange, mumbled words.
You are confused.
You completely miss something. Something hits you but does no damage.
You bump into the rock wall.
You hear some strange, mumbled words.
You are more confused.
You bump into the rock wall.
You bump into the rock wall.
You hear some strange, mumbled words.
You are more confused.
You bump into the rock wall.
You hear some strange, mumbled words.
A puff of flame appears from out of thin air!
The puff of flame hits you!
* * * LOW HITPOINT WARNING * * *
You bump into the rock wall.
A worm comes into view.
A magic dart appears from out of thin air!
The magic dart hits you!
You die...

#......# ###### #......#
#....# #...... #....#
###..... #####....# ......
.......)... ####...
############..
#.#.....#######.............
#.......s..@................
###w###########.............
#............#
#............#
#............#
##............#
...............#
...............#
................#


You could see a giant cockroach.

Vanquished Creatures
  5 adders
  An ooze (D:2)
  4 worms
  2 leopard geckos
  4 orcs (D:3)
  7 bats
  3 giant cockroaches
  8 goblins
  4 hobgoblins
  4 jackals
  4 quokkas
  5 frilled lizards
  8 kobolds
  3 rats (D:1)
62 creatures vanquished.

Notes
Turn   | Place    | Note
-------+----------+-------------------------------------------
     0 | D:1      | JeffiDaFish the Gargoyle Fighter began the quest for the Orb.
     0 | D:1      | Reached XP level 1. HP: 14/14 MP: 1/1
   239 | D:1      | Reached XP level 2. HP: 19/19 MP: 2/2
   699 | D:2      | Reached XP level 3. HP: 22/24 MP: 3/3
  1203 | D:2      | Reached XP level 4. HP: 21/29 MP: 4/4
  1306 | D:2      | Found a faded altar of an unknown god.
  1948 | D:3      | Learned a level 2 spell: Sticks to Snakes
  2314 | D:3      | Found a blossoming altar of Fedhas.
  2356 | D:3      | Reached XP level 5. HP: 33/33 MP: 5/5
  2532 | D:3      | Killed from afar by an orc wizard

Vault maps used:
D:1:      dpeg_arrival_rhombi
D:2:      ecumenical_altar_1
D:3:      first_bread, fedhas_altar_1

Skill      XL: |  1  2  3  4 |
---------------+-------------+-----
Shields        | 4 |  4.1
Maces & Flails | 3 |  3.2
Armour         | 4 |  4.0
Fighting       | |  3.7
Dodging        | |  0.7
Stealth        | |  0.5
Spellcasting   | |  0.1
Transmutations | |  0.1

Action                   |  1- 3 |  4- 6 || total
-------------------------+-------+-------++-------
Melee: Flail             |   121 |   167 ||   288
  Use: Scroll            |     5 |     1 ||     6
       Potion            |     1 |     3 ||     4
 Stab: Invisible         |     1 |       ||     1
  Eat: Chunk             |     1 |     5 ||     6
Armor: Scale mail        |    69 |   127 ||   196
Dodge: Dodged            |    38 |    59 ||    97
Block: Shield            |    82 |    69 ||   151
